| TOP OF THE 1ST |
|
Marion Mets batting - Pitching for Waynesboro Braves : LHP Otis Green
|
|
Pitching: LHP Otis Green
|
|
|
Batting: RHB Thomas Wallace
|
0-0: Swinging Strike 0-1: Foul Ball, location: 2F 0-2: Ball 1-2: Ball 2-2: Foul Ball, location: 2F 2-2: Ball 3-2: Base on Balls
|
|
Batting: LHB Ricky de la Cruz
|
0-0: Foul Ball, location: 2F 0-1: Swinging Strike 0-2: Ball 1-2: Ball Thomas Wallace steals 2nd base 2-2: Strikes out swinging
|
|
Batting: RHB Rey Quinones
|
0-0: Called Strike 0-1: 2-RUN HOME RUN (Flyball, 78XD, EV 103.1 MPH), Distance : 418 ft
|
|
Batting: LHB Christopher Chapman
|
0-0: Called Strike 0-1: Called Strike 0-2: Fly out, F4 (Popup, 4M, EV 71.3 MPH)
|
|
Batting: RHB Andy Allanson
|
0-0: Swinging Strike 0-1: Ball 1-1: Ball 2-1: Called Strike 2-2: Strikes out swinging
|
| Top of the 1st over - 2 runs, 1 hit, 0 errors, 0 left on base; Marion 2 - Waynesboro 0 |
| BOTTOM OF THE 1ST |
|
Waynesboro Braves batting - Pitching for Marion Mets : RHP Jeff Parrett
|
|
Pitching: RHP Jeff Parrett
|
|
|
Batting: RHB Scott Skripko
|
0-0: Bunt for hit to 3S - play at first, batter safe!
|
|
Batting: RHB Sam Khalifa
|
0-0: Ball 1-0: Ball 2-0: Ball 3-0: Called Strike 3-1: Base on Balls Scott Skripko to second
|
|
Batting: RHB Gary Gill
|
0-0: Grounds into double play, 6-4-3 (Groundball, 6, EV 78.1 MPH) Scott Skripko to third
|
|
Batting: RHB Bob Calley
|
0-0: Called Strike 0-1: Foul Ball, location: 2F 0-2: Ball Wild Pitch! Scott Skripko scores 1-2: Foul Ball, location: 2F 1-2: Foul Ball, location: 5F, Error on foul ball, E5 1-2: Ball 2-2: Foul Ball, location: 2F 2-2: Ground out 4-3 (Groundball, 4, EV 85.0 MPH)
|
| Bottom of the 1st over - 1 run, 1 hit, 1 error, 0 left on base; Marion 2 - Waynesboro 1 |
| TOP OF THE 2ND |
|
Marion Mets batting - Pitching for Waynesboro Braves : LHP Otis Green
|
|
Batting: RHB Wayne Harrison
|
0-0: Ball 1-0: Called Strike 1-1: Called Strike 1-2: Ball 2-2: Ground out 5-3 (Groundball, 56S, EV 72.5 MPH)
|
|
Batting: SHB Sherman Webb
|
0-0: Called Strike 0-1: Ball 1-1: Ball 2-1: Ball 3-1: Base on Balls
|
|
Batting: LHB Francisco Jimenez
|
0-0: Ball Wild Pitch! Sherman Webb to second 1-0: Called Strike 1-1: Foul Ball, location: 2F 1-2: Foul Ball, location: 2F 1-2: Ball 2-2: Foul Ball, location: 2F 2-2: Foul Ball, location: 2F 2-2: Foul Ball, location: 2F 2-2: Strikes out swinging
|
|
Batting: RHB Jose Maldonado
|
0-0: Foul Ball, location: 2F 0-1: Foul Ball, location: 2F 0-2: Ball 1-2: Strikes out swinging
|
| Top of the 2nd over - 0 runs, 0 hits, 0 errors, 1 left on base; Marion 2 - Waynesboro 1 |
| BOTTOM OF THE 2ND |
|
Waynesboro Braves batting - Pitching for Marion Mets : RHP Jeff Parrett
|
|
Batting: RHB Rey Palacios
|
0-0: Ball 1-0: Ball 2-0: Swinging Strike 2-1: Ground out 5-3 (Groundball, 5L, EV 101.3 MPH)
|
|
Batting: RHB Roberto Carrero
|
0-0: SINGLE (Line Drive, 7LM, EV 105.0 MPH)
|
|
Batting: RHB Richie Carter
|
0-0: Ball 1-0: Called Strike 1-1: Called Strike 1-2: Ball 2-2: DOUBLE (Line Drive, 7LS, EV 103.1 MPH) Roberto Carrero to third
|
|
Batting: RHB Thomas Walker
|
0-0: Ball 1-0: Ground out 4-3 (Groundball, 4D, EV 93.1 MPH) Roberto Carrero scores Richie Carter to third
|
|
Batting: RHB Andres Amoros
|
0-0: Called Strike 0-1: Foul Ball, location: 2F 0-2: Ball 1-2: Strikes out swinging
|
| Bottom of the 2nd over - 1 run, 2 hits, 0 errors, 1 left on base; Marion 2 - Waynesboro 2 |
| TOP OF THE 3RD |
|
Marion Mets batting - Pitching for Waynesboro Braves : LHP Otis Green
|
|
Batting: RHB Thomas Wallace
|
0-0: Ball 1-0: Ball 2-0: Ball 3-0: Called Strike 3-1: Foul Ball, location: 2F 3-2: SINGLE (Line Drive, 78S, EV 101.9 MPH)
|
|
Batting: LHB Ricky de la Cruz
|
0-0: Ball 1-0: SINGLE (Groundball, 6M, EV 98.8 MPH) (infield hit) Thomas Wallace to second
|
|
Batting: RHB Rey Quinones
|
0-0: Foul Ball, location: 2F 0-1: Fly out, F9 (Line Drive, 9, EV 100.0 MPH) Runner from 2nd tags up, SAFE at 3rd with throw by RF
|
|
Batting: LHB Christopher Chapman
|
0-0: Ball 1-0: Swinging Strike 1-1: Ball 2-1: Swinging Strike 2-2: Strikes out swinging
|
|
Batting: RHB Andy Allanson
|
0-0: Ball 1-0: Called Strike 1-1: Called Strike 1-2: Strikes out looking
|
| Top of the 3rd over - 0 runs, 2 hits, 0 errors, 2 left on base; Marion 2 - Waynesboro 2 |
| BOTTOM OF THE 3RD |
|
Waynesboro Braves batting - Pitching for Marion Mets : RHP Jeff Parrett
|
|
Batting: RHB Scott Skripko
|
0-0: Ball 1-0: Called Strike 1-1: SINGLE (Groundball, 56, EV 93.8 MPH)
|
|
Batting: RHB Sam Khalifa
|
0-0: Ball 1-0: Called Strike 1-1: Ball 2-1: Ball 3-1: Fly out, F9 (Line Drive, 9, EV 99.4 MPH)
|
|
Batting: RHB Gary Gill
|
0-0: Ball Scott Skripko steals 2nd base 1-0: Ball Scott Skripko is caught stealing 3rd base 2-5 2-0: Called Strike 2-1: Called Strike 2-2: Fly out, F7 (Flyball, 7D, EV 75.6 MPH)
|
| Bottom of the 3rd over - 0 runs, 1 hit, 0 errors, 0 left on base; Marion 2 - Waynesboro 2 |
| TOP OF THE 4TH |
|
Marion Mets batting - Pitching for Waynesboro Braves : LHP Otis Green
|
|
Batting: RHB Wayne Harrison
|
0-0: Ball 1-0: Ball 2-0: Foul Ball, location: 2F 2-1: Ground out 5-3 (Groundball, 15, EV 85.6 MPH)
|
|
Batting: SHB Sherman Webb
|
0-0: Swinging Strike 0-1: Called Strike 0-2: Strikes out swinging
|
|
Batting: LHB Francisco Jimenez
|
0-0: Foul Ball, location: 2F 0-1: SINGLE (Groundball, 6M, EV 86.3 MPH) (infield hit)
|
|
Batting: RHB Jose Maldonado
|
0-0: Called Strike 0-1: Ball 1-1: Fly out, F7 (Flyball, 78M, EV 83.8 MPH)
|
| Top of the 4th over - 0 runs, 1 hit, 0 errors, 1 left on base; Marion 2 - Waynesboro 2 |
| BOTTOM OF THE 4TH |
|
Waynesboro Braves batting - Pitching for Marion Mets : RHP Jeff Parrett
|
|
Batting: RHB Bob Calley
|
0-0: Ball 1-0: Ball 2-0: Fly out, F8 (Flyball, 8RXD, EV 94.4 MPH)
|
|
Batting: RHB Rey Palacios
|
0-0: Ball 1-0: Foul Ball, location: 2F 1-1: Ground out 6-3 (Groundball, 6, EV 91.9 MPH)
|
|
Batting: RHB Roberto Carrero
|
0-0: Ball 1-0: Foul Ball, location: 2F 1-1: Swinging Strike 1-2: Ball 2-2: Ground out 5-3 (Groundball, 25, EV 85.6 MPH)
|
| Bottom of the 4th over - 0 runs, 0 hits, 0 errors, 0 left on base; Marion 2 - Waynesboro 2 |
| TOP OF THE 5TH |
|
Marion Mets batting - Pitching for Waynesboro Braves : LHP Otis Green
|
|
Batting: RHB Thomas Wallace
|
0-0: DOUBLE (Line Drive, 7LS, EV 105.6 MPH)
|
|
Batting: LHB Ricky de la Cruz
|
0-0: Ball 1-0: Ball 2-0: Ball 3-0: Base on Balls
|
|
Batting: RHB Rey Quinones
|
0-0: Fly out, F8 (Flyball, 8LD, EV 90.6 MPH) Runner from 2nd tags up, SAFE at 3rd with throw by CF
|
|
Batting: LHB Christopher Chapman
|
0-0: Ball Ricky de la Cruz steals 2nd base 1-0: Fly out, F7 (Flyball, 7D, EV 96.3 MPH) Runner from 3rd tags up, SCORES, no throw by LF Ricky de la Cruz to third
|
|
Batting: RHB Andy Allanson
|
0-0: Ball 1-0: Ball 2-0: Called Strike 2-1: SINGLE (Groundball, 56D, EV 101.9 MPH) Ricky de la Cruz scores
|
|
Batting: RHB Wayne Harrison
|
0-0: Ball 1-0: Ball 2-0: Called Strike 2-1: Ball 3-1: Swinging Strike 3-2: Foul Ball, location: 2F 3-2: Ground out 4-3 (Groundball, 13, EV 83.1 MPH)
|
| Top of the 5th over - 2 runs, 2 hits, 0 errors, 1 left on base; Marion 4 - Waynesboro 2 |
| BOTTOM OF THE 5TH |
|
Waynesboro Braves batting - Pitching for Marion Mets : RHP Jeff Parrett
|
|
Batting: RHB Richie Carter
|
0-0: Ball 1-0: Swinging Strike 1-1: Called Strike 1-2: Strikes out swinging, 2-3 out at first.
|
|
Batting: RHB Thomas Walker
|
0-0: Called Strike 0-1: Swinging Strike 0-2: Strikes out swinging
|
|
Batting: RHB Andres Amoros
|
0-0: Ball 1-0: DOUBLE (Line Drive, 89D, EV 109.4 MPH)
|
|
Batting: RHB Scott Skripko
|
0-0: Ball 1-0: Ball 2-0: Swinging Strike 2-1: Foul Ball, location: 2F 2-2: Foul Ball, location: 2F 2-2: Ball Wild Pitch! Andres Amoros to third 3-2: SINGLE (Line Drive, 4MD, EV 107.5 MPH) Andres Amoros scores
|
|
Batting: RHB Sam Khalifa
|
0-0: Called Strike 0-1: Fly out, F7 (Flyball, 78M, EV 74.4 MPH)
|
| Bottom of the 5th over - 1 run, 2 hits, 0 errors, 1 left on base; Marion 4 - Waynesboro 3 |
| TOP OF THE 6TH |
|
Marion Mets batting - Pitching for Waynesboro Braves : LHP Otis Green
|
|
Batting: SHB Sherman Webb
|
0-0: Ball 1-0: Foul Ball, location: 2F 1-1: Ball 2-1: Ball 3-1: Base on Balls
|
|
Batting: LHB Francisco Jimenez
|
0-0: Ball Wild Pitch! Sherman Webb to second 1-0: Intentional Walk
|
|
Batting: RHB Jose Maldonado
|
0-0: Bunted foul 0-1: Bunted foul 0-2: Ball Wild Pitch! Sherman Webb to third Francisco Jimenez to second 1-2: Fly out, F8 (Flyball, 8LD, EV 91.3 MPH) Runner from 3rd tags up, SCORES, no throw by CF
|
|
Batting: RHB Thomas Wallace
|
0-0: Intentional Walk
|
|
Batting: LHB Ricky de la Cruz
|
0-0: Swinging Strike 0-1: Ball 1-1: Swinging Strike 1-2: Ball 2-2: Grounds out, U3 (Groundball, 3L, EV 80.6 MPH) Francisco Jimenez to third
|
|
Batting: RHB Rey Quinones
|
0-0: Intentional Walk
|
|
Pitching: RHP Talbot Aiello
|
|
|
Batting: LHB Christopher Chapman
|
0-0: Ball 1-0: Foul Ball, location: 2F 1-1: Foul Ball, location: 2F 1-2: Ball 2-2: Reached via error on a dropped throw from 1B, E1 (Groundball, 34D, EV 90.6 MPH) Francisco Jimenez scores Thomas Wallace to third Rey Quinones to second
|
|
Batting: RHB Andy Allanson
|
0-0: Ball 1-0: Called Strike 1-1: Fly out, F8 (Line Drive, 8RD, EV 89.4 MPH)
|
| Top of the 6th over - 2 runs, 0 hits, 1 error, 3 left on base; Marion 6 - Waynesboro 3 |
| BOTTOM OF THE 6TH |
|
Waynesboro Braves batting - Pitching for Marion Mets : RHP Jeff Parrett
|
|
Batting: RHB Gary Gill
|
0-0: Foul Ball, location: 2F 0-1: Ball 1-1: Ball 2-1: Ball 3-1: Swinging Strike 3-2: Ground out 6-3 (Groundball, 6, EV 85.0 MPH)
|
|
Batting: RHB Bob Calley
|
0-0: Ball 1-0: Ground out 6-3 (Groundball, 6, EV 85.0 MPH)
|
|
Batting: RHB Rey Palacios
|
0-0: Called Strike 0-1: Foul Ball, location: 2F 0-2: Ball 1-2: Strikes out swinging
|
| Bottom of the 6th over - 0 runs, 0 hits, 0 errors, 0 left on base; Marion 6 - Waynesboro 3 |
| TOP OF THE 7TH |
|
Marion Mets batting - Pitching for Waynesboro Braves : RHP Talbot Aiello
|
|
Batting: RHB Wayne Harrison
|
0-0: Called Strike 0-1: Ground out 3-1 (Groundball, 34, EV 81.3 MPH)
|
|
Batting: SHB Sherman Webb
|
0-0: Called Strike 0-1: Foul Ball, location: 2F 0-2: Fly out, F8 (Flyball, 78S, EV 87.5 MPH)
|
|
Batting: LHB Francisco Jimenez
|
0-0: Ball 1-0: Foul Ball, location: 2F 1-1: Fly out, F8 (Flyball, 8LD, EV 95.6 MPH)
|
| Top of the 7th over - 0 runs, 0 hits, 0 errors, 0 left on base; Marion 6 - Waynesboro 3 |
| BOTTOM OF THE 7TH |
|
Waynesboro Braves batting - Pitching for Marion Mets : RHP Jeff Parrett
|
|
Batting: RHB Roberto Carrero
|
0-0: Called Strike 0-1: Ground out 6-3 (Groundball, 6, EV 78.1 MPH)
|
|
Batting: RHB Richie Carter
|
0-0: Called Strike 0-1: Ball 1-1: Ball 2-1: Foul Ball, location: 2F 2-2: Ball 3-2: Foul Ball, location: 2F 3-2: Base on Balls
|
|
Batting: RHB Thomas Walker
|
0-0: Ball 1-0: Ball 2-0: Ball 3-0: Base on Balls Richie Carter to second
|
|
Batting: RHB Andres Amoros
|
0-0: Ball 1-0: Ball 2-0: Called Strike 2-1: Foul Ball, location: 2F 2-2: Foul Ball, location: 2F 2-2: Ball 3-2: Fly out, F8 (Flyball, 8RS, EV 81.3 MPH)
|
|
Pitching: RHP Tim Reid
|
|
|
Batting: RHB Scott Skripko
|
0-0: Ball 1-0: Ball 2-0: Ball 3-0: Called Strike 3-1: Foul Ball, location: 2F 3-2: Foul Ball, location: 2F 3-2: Foul Ball, location: 2F 3-2: Foul Ball, location: 2F 3-2: Base on Balls Richie Carter to third Thomas Walker to second
|
|
Batting: RHB Sam Khalifa
|
0-0: Ball 1-0: Foul Ball, location: 2F 1-1: Ball 2-1: Ball 3-1: Fly out, F7 (Flyball, 78S, EV 82.5 MPH)
|
| Bottom of the 7th over - 0 runs, 0 hits, 0 errors, 3 left on base; Marion 6 - Waynesboro 3 |
| TOP OF THE 8TH |
|
Marion Mets batting - Pitching for Waynesboro Braves : RHP Talbot Aiello
|
|
Batting: RHB Jose Maldonado
|
0-0: Fly out, F7 (Flyball, 7, EV 90.0 MPH)
|
|
Batting: RHB Thomas Wallace
|
0-0: Ball 1-0: Ball 2-0: Ball 3-0: Base on Balls
|
|
Batting: LHB Ricky de la Cruz
|
0-0: Ball 1-0: Ball 2-0: Fly out, F8 (Flyball, 8LD, EV 81.9 MPH) Runner from 1st tags up, SAFE at 2nd
|
|
Batting: RHB Rey Quinones
|
0-0: Foul Ball, location: 2F 0-1: Ball 1-1: Fly out, F8 (Flyball, 8RD, EV 81.9 MPH)
|
| Top of the 8th over - 0 runs, 0 hits, 0 errors, 1 left on base; Marion 6 - Waynesboro 3 |
| BOTTOM OF THE 8TH |
|
Waynesboro Braves batting - Pitching for Marion Mets : RHP Tim Reid
|
|
Batting: RHB Gary Gill
|
0-0: Called Strike 0-1: Ball 1-1: Fly out, F4 (Flyball, 4D, EV 82.5 MPH)
|
|
Batting: RHB Bob Calley
|
0-0: Fly out, F8 (Flyball, 8RXD, EV 102.5 MPH)
|
|
Batting: RHB Rey Palacios
|
0-0: Reached on error, E6 (Groundball, 6, EV 77.5 MPH)
|
|
Batting: RHB Roberto Carrero
|
0-0: Ball 1-0: Ball 2-0: Called Strike 2-1: Fly out, F6 (Popup, 6S, EV 70.6 MPH)
|
| Bottom of the 8th over - 0 runs, 0 hits, 1 error, 1 left on base; Marion 6 - Waynesboro 3 |
| TOP OF THE 9TH |
|
Marion Mets batting - Pitching for Waynesboro Braves : RHP Talbot Aiello
|
|
Batting: LHB Christopher Chapman
|
0-0: Ground out 5-3 (Groundball, 56, EV 86.9 MPH)
|
|
Batting: RHB Andy Allanson
|
0-0: Foul Ball, location: 2F 0-1: Ball 1-1: Ground out 6-3 (Groundball, 6, EV 102.5 MPH)
|
|
Batting: RHB Wayne Harrison
|
0-0: Called Strike 0-1: Hit by Pitch
|
|
Batting: SHB Sherman Webb
|
0-0: Called Strike 0-1: Foul Ball, location: 2F 0-2: Ball 1-2: Ball 2-2: Fly out, F9 (Flyball, 89M, EV 88.1 MPH)
|
| Top of the 9th over - 0 runs, 0 hits, 0 errors, 1 left on base; Marion 6 - Waynesboro 3 |
| BOTTOM OF THE 9TH |
|
Waynesboro Braves batting - Pitching for Marion Mets : RHP Tim Reid
|
|
Batting: RHB Richie Carter
|
0-0: Called Strike 0-1: Called Strike 0-2: SINGLE (Line Drive, 8RS, EV 93.1 MPH)
|
|
Batting: RHB Thomas Walker
|
0-0: Called Strike 0-1: Ball 1-1: Called Strike 1-2: Strikes out swinging
|
|
Batting: RHB Andres Amoros
|
0-0: Called Strike 0-1: Ball Passed Ball! Richie Carter to second 1-1: Foul Ball, location: 2F 1-2: Fly out, F6 (Popup, 4M, EV 70.0 MPH)
|
|
Batting: RHB Scott Skripko
|
0-0: Ball 1-0: Fly out, F9 (Flyball, 9LS, EV 91.3 MPH)
|
| Bottom of the 9th over - 0 runs, 1 hit, 0 errors, 1 left on base; Marion 6 - Waynesboro 3 |
|